 Dungeon Crawl Stone Soup version 0.31-a0-1354-g0f3f92e (webtiles) character file.

Game seed: 2124060180594821692

74 danspanner the Conjurer (level 4, 0/27 HPs)
             Began as a Tengu Reaver on Dec 22, 2023.
             Slain by a gnoll
             ... wielding a +0 spear
             ... led by a gnoll bouda
              (3 damage)
             ... on level 3 of the Dungeon.
             The game lasted 00:04:46 (2030 turns).

danspanner the Conjurer (Tengu Reaver)              Turns: 2030, Time: 00:04:46

Health: 0/27       AC:  4    Str: 14    XL:     4   Next: 28%
Magic:  8/8        EV: 13    Int: 13    God:
Gold:   129        SH:  0    Dex: 19    Spells: 6/7 levels left

rFire   + . .        a - +0 spear
rCold   . . .        (no shield)
rNeg    . . .        b - +0 leather armour
rPois   .            (helmet restricted)
rElec   .            h - +0 cloak
rCorr   .            (no gloves)
SInv    .            (boots unavailable)
Will    .....        l - amulet of magic regeneration
Stlth   +            f - ring of protection from fire
HPRegen 0.24/turn    c - +6 ring of dexterity
MPRegen 0.51/turn

%: acrobat
@: weakened
A: beak, talons 3, acrobatic
a: no special abilities


You were on level 3 of the Dungeon.
You visited 1 branch of the dungeon, and saw 3 of its levels.

You collected 129 gold pieces.

Inventory:

Hand Weapons
 a - a +0 spear (weapon)
Missiles
 e - a throwing net
Armour
 b - a +0 leather armour (worn)
 h - a +0 cloak (worn)
Jewellery
 c - a +6 ring of dexterity (right hand)
 f - a ring of protection from fire (left hand)
 l - an amulet of magic regeneration (around neck)
Scrolls
 d - a scroll of teleportation
 m - a scroll of summoning {unknown}
Potions
 g - a potion of heal wounds {unknown}
 i - a potion of mutation {unknown}
 j - a potion of magic {unknown}
 k - a potion of brilliance {unknown}


   Skills:
 + Level 2.5 Fighting
 + Level 3.8 Polearms
 + Level 2.9 Dodging
 + Level 2.4 Spellcasting
 + Level 4.6 Conjurations
 + Level 0.5 Necromancy


You had 6 spell levels left.
You knew the following spells:

 Your Spells              Type           Power      Damage    Failure   Level
a - Kiss of Death         Conj/Necr      32%        2d7       11%         1

Your spell library contained the following spells:

 Spells                   Type           Power      Damage    Failure   Level
 Momentum Strike          Conj/Tloc      14%        3d8       19%         2
 Slow                     Hex            4%         N/A       30%         1
 Hailstorm                Conj/Ice       7%         3d5       34%         3
 Vampiric Draining        Necr           3%         2d6       58%         3
 Confusing Touch          Hex            1%         N/A       67%         3
 Sigil of Binding         Hex            1%         N/A       67%         3


Dungeon Overview and Level Annotations

Branches:
Dungeon (3/15)

Altars:


Innate Abilities, Weirdness & Mutations

You have a beak for a mouth.
You have claws for feet.
You can magically evade attacks while moving or waiting.


Message History

You hit the gnoll. You claw the gnoll.
The gnoll is moderately wounded.
A gnoll comes into view. It is wielding a +0 spear.
You hit the gnoll bouda. Your kick misses the gnoll bouda.
You peck the gnoll bouda, but do no damage.
The gnoll bouda is moderately wounded.
A gnoll comes into view.
It is wielding a +0 whip and quivering a throwing net.
You hit the gnoll bouda but do no damage.
The gnoll bouda is moderately wounded.
The gnoll barely misses you. The gnoll bouda closely misses you.
You hit the gnoll bouda.
You peck the gnoll bouda, but do no damage.
The gnoll bouda is heavily wounded.
The gnoll hits you from afar with a +0 spear.
A gnoll comes into view.
It is wielding a +0 flail and quivering a throwing net.
The gnoll bouda hits you with a +0 whip.
You hit the gnoll bouda but do no damage.
You claw the gnoll bouda.
You peck the gnoll bouda, but do no damage.
The gnoll bouda is heavily wounded.
The gnoll closely misses you.
The gnoll bouda gazes fiercely through you!
You feel your attacks grow feeble.
The gnoll bouda hits you with a +0 whip.
Okay, then.
You closely miss the gnoll bouda. You peck the gnoll bouda.
The gnoll bouda is severely wounded.
The gnoll hits you from afar with a +0 spear.
The gnoll bouda closely misses you.
You hit the gnoll bouda but do no damage.
You claw the gnoll bouda.
The gnoll bouda is almost dead.
The gnoll hits you from afar with a +0 spear.
You hit the gnoll bouda.
You claw the gnoll bouda, but do no damage.
The gnoll bouda is almost dead.
The gnoll bouda hits you with a +0 whip!
* * * LOW HITPOINT WARNING * * *
The gnoll hits you from afar with a +0 spear.
You die...

....................#
#.# ####.
###.####.####.# #.#
.. #.# #.# #.# ## #.#
#.# #.# #.# #.# #.#
## #.# #.# #.# .g #.#
#.# #.#
#g####.####.###.#
#gg@............#
###########.##.##
#.##.# #.##.# #.##.#
#....# ###..#
#.####..# #.#.....#


You could see a gnoll bouda and 3 gnolls.

Vanquished Creatures
  Jessica (D:3)
  An adder (D:2)
  A worm (D:3)
  3 endoplasms (D:2)
  3 giant cockroaches
  4 goblins
  5 hobgoblins
  2 jackals (D:2)
  2 quokkas
  2 ball pythons (D:1)
  2 bats
  2 frilled lizards
  A kobold (D:2)
  4 rats
33 creatures vanquished.

Notes
Turn   | Place    | Note
-------+----------+-------------------------------------------
     0 | D:1      | danspanner the Tengu Reaver began the quest for the Orb.
     0 | D:1      | Reached XP level 1. HP: 12/12 MP: 4/4
   259 | D:1      | Reached XP level 2. HP: 17/17 MP: 6/6
   302 | D:1      | You fall into a shaft and drop 1 floor!
   551 | D:2      | Reached XP level 3. HP: 12/22 MP: 7/7
  1780 | D:3      | Noticed Jessica
  1784 | D:3      | Killed Jessica
  1785 | D:3      | Reached XP level 4. HP: 27/27 MP: 8/8
  2030 | D:3      | Slain by a gnoll

Illustrated notes

Levels and vault maps discovered:
D:1:      nzn_arrival_depleted_hourglass, layout_basic, serial_corexii_hall,
          chequers_hall_statues_wall_a, chequers_hall_statues_y
D:2:      layout_loops_corners
D:3:      layout_loops_ring, uniq_jessica

Action                     |  1- 3 |  4- 6 || total
---------------------------+-------+-------++-------
  Melee: Spear             |    78 |    19 ||    97
         Kick              |    16 |     5 ||    21
         Peck              |     7 |     6 ||    13
    Use: Scroll            |     4 |       ||     4
   Stab: Sleeping          |     1 |     1 ||     2
 Armour: Leather armour    |    19 |    10 ||    29
  Dodge: Dodged            |    28 |     6 ||    34

Table legend: (Time is in decaauts)
 A = Elapsed time spent in this place.
 B = Non-inter-level travel time spent in this place.
 C = Inter-level travel time spent in this place.
 D = Time resting spent in this place.
 E = Time spent auto-exploring this place.
 F = Levels seen in this place.
 G = Mean time per level.
                   A        B        C        D        E       F      G
               +--------+--------+--------+--------+--------+-----+--------+
         Total |   2021 |   1947 |     74 |      0 |   1711 |   3 |  673.7 |
       Dungeon |   2021 |   1947 |     74 |      0 |   1711 |   3 |  673.7 |
               +--------+--------+--------+--------+--------+-----+--------+

Top non-repeatable levels by time:
     D:2: 921 daAuts
     D:1: 717 daAuts
     D:3: 381 daAuts
